 Dungeon Crawl Stone Soup version 0.31.0-11-ge490571c62 (webtiles) character file.

Game seed: 9682920309603381627

1109 SnakkuSnakku7 the Changeling (level 8, -1/55 HPs)
             Began as a Merfolk Conjurer on Jan 31, 2024.
             Slain by a water moccasin (7 damage)
             ... on level 5 of the Dungeon.
             The game lasted 00:10:38 (5270 turns).

SnakkuSnakku7 the Changeling (Merfolk Conjurer)     Turns: 5270, Time: 00:10:39

Health: -1/55      AC:  5    Str:  7 (10) XL:     8   Next: 33%
Magic:  11/11      EV: 15    Int: 17      God:
Gold:   502        SH:  0    Dex: 11 (12) Spells: 10/11 levels left

rFire   . .          .
                       - Unarmed
rCold   . . .        (no shield)
rNeg    . . .        f - +0 ring mail
rPois   .            (helmet currently unavailable)
rElec   .            (cloak currently unavailable)
rCorr   .            (gloves currently unavailable)
SInv    .            (boots currently unavailable)
Will    .....        (no amulet)
Stlth   +            r - +5 ring of evasion
HPRegen 0.29/turn    (no ring)
MPRegen 0.12/turn

%: no passive effects
@: beast-form
A: beast (slay +4), (nimble swimmer 2), mertail, deterioration 1, noise
suppression
a: Begin Untransformation


You were on level 5 of the Dungeon.
You were a hulking beast.
You visited 1 branch of the dungeon, and saw 5 of its levels.
You also visited: Ossuary.

You collected 502 gold pieces.

Inventory:

Missiles
 A - 4 poisoned darts (quivered)
Armour
 a - a +0 robe
 f - a +0 ring mail (worn)
 y - a +0 helmet
 E - a +0 pair of boots
Jewellery
 o - a ring of ice
 r - a +5 ring of evasion (left hand)
Talismans
 e - a beast talisman (active)
 l - a flux talisman
 D - a maw talisman
Wands
 g - a wand of roots (1)
Scrolls
 c - 4 scrolls of vulnerability
 d - a scroll of fear {unknown}
 j - a scroll of fog {unknown}
 q - 4 scrolls of silence {unknown}
 s - 2 scrolls of blinking {unknown}
 t - a scroll of immolation {unknown}
 u - a scroll of revelation
 w - a scroll of enchant weapon {unknown}
 x - a scroll of teleportation
 C - a scroll of poison {unknown}
Potions
 b - 2 potions of magic
 h - 2 potions of heal wounds {unknown}
 i - a potion of mutation
 k - 4 potions of might
 m - a potion of resistance
 n - 4 potions of brilliance
 p - a potion of lignification
 v - 3 potions of attraction
 z - a potion of cancellation {unknown}


   Skills:
 - Level 1.7 Fighting
 - Level 2.6 Dodging
 - Level 2.1 Stealth
 + Level 7.2 Unarmed Combat
 - Level 2.0 Spellcasting
 - Level 3.2 Conjurations
 + Level 7.6 Shapeshifting


You had 10 spell levels left.
You knew the following spells:

 Your Spells              Type           Power      Damage    Failure   Level
a - Magic Dart            Conj           48%        1d5       19%         1

Your spell library contained the following spells:

 Spells                   Type           Power      Damage    Failure   Level
 Searing Ray              Conj           24%        2d5       26%         2
 Apportation              Tloc           2%         N/A       56%         1
 Slow                     Hex            4%         N/A       56%         1
 Jinxbite                 Hex            2%         N/A       71%         2
 Confusing Touch          Hex            1%         N/A       90%         3
 Sigil of Binding         Hex            1%         N/A       90%         3
 Vampiric Draining        Necr           1%         2d6       90%         3
 Fulminant Prism          Conj/Alch      3%         3d5       98%         4
 Iskenderun's Mystic Bla  Conj/Tloc      7%         2d4       98%         4
 Alistair's Intoxication  Alch           0%         N/A       100%        5


Dungeon Overview and Level Annotations

Branches:
Dungeon (5/15)            Ossuary (visited)
 Temple: D:4-7

Altars:
Kikubaaqudgha
Nemelex Xobeh
Okawaru
Trog
Uskayaw
The Shining One


Innate Abilities, Weirdness & Mutations

You are a hulking beast.
Your limbs bulge with bestial killing power. (Slay +4)
((You are very nimble when in or above water. (Stealth+, EV+, Speed+++)))
Your lower body shifts to a powerful aquatic tail in water.
Your body sometimes deteriorates upon taking damage.
You passively dampen the noise of your surroundings.


Message History

Your body deteriorates!
You feel weakened.
You barely miss the water moccasin.
The water moccasin is heavily wounded.
The water moccasin bites you.
* * * LOW HITPOINT WARNING * * *
You are lethally poisoned!
The water moccasin poisons you!
Aiming: Fastroot
Press: ? - help, Shift-Dir - straight line, f - water moccasin
Aim: a water moccasin (heavily wounded)
The roots erupt in riotous growth!
Roots grab the water moccasin.
Roots grab the orc.
The grasping roots constrict the orc.
The grasping roots constrict the water moccasin.
* * * LOW HITPOINT WARNING * * *
You feel very sick. The water moccasin closely misses you.
The water moccasin barely misses you.
Unknown command.
Unknown command.
You feel better.
The grasping roots constrict the orc.
You kill the orc!
The grasping roots constrict the water moccasin.
The roots release their grip on the water moccasin.
The water moccasin bites you!
* * * LOW HITPOINT WARNING * * *
Aiming: Fastroot
Press: ? - help, Shift-Dir - straight line, f/p - water moccasin
Aim: a water moccasin (severely wounded)
The roots erupt in riotous growth!
Roots grab the water moccasin.
The grasping roots constrict the water moccasin.
The water moccasin barely misses you.
Unknown command.
Unknown command.
You completely miss the water moccasin.
The water moccasin is severely wounded.
The grasping roots constrict the water moccasin.
The roots release their grip on the water moccasin.
The water moccasin bites you!
You die...

.......##### #. #.......
...........##.#.. #####.###.
##########.##.#.########......##.
.....?# #.##.#..................
#####.####.##.#.########.........
................##..#####.#..#...
................##..#.....#####..
#...............##'####.'#######)
#...............h.).....#...#...#
#...............#S#....##.>.#...#
.###............#).....##...#...#
## #............###....##########
.# #..#........)..'....##...#...#
## #..#........####....##.>.#.>.#
#.....#........# #.....#...#...#
.....#........# #####.'#######'
.............## ##.# #..


You could see a water moccasin.

Vanquished Creatures
  A water moccasin (D:5)
  An ogre (D:5)
  A phantom (D:5)
  A gnoll sergeant (D:4)
  3 scorpions
  2 howler monkeys
  An orc priest (D:3)
  An iguana (D:4)
  Natasha (twice) (D:3)
  2 orc wizards (D:5)
  8 mummies (Ossuary)
  8 gnolls
  8 adders
  A ribbon worm (D:4)
  6 dart slugs
  11 orcs
  6 bats
  5 endoplasms
  4 giant cockroaches
  A gnoll zombie (Ossuary)
  5 goblins
  9 hobgoblins
  2 jackals (D:1)
  5 kobolds
  7 quokkas
  8 ball pythons
  3 frilled lizards
  4 hobgoblin zombies (Ossuary)
  3 orc zombies (Ossuary)
  2 rats
121 creatures vanquished.

Vanquished Creatures (others)
  An orc wizard (D:5)
1 creature vanquished.

Grand Total: 122 creatures vanquished

Notes
Turn   | Place    | Note
-------+----------+-------------------------------------------
     0 | D:1      | SnakkuSnakku7 the Merfolk Conjurer began the quest for the
                  | Orb.
     0 | D:1      | Reached XP level 1. HP: 13/13 MP: 3/3
   109 | D:1      | Reached skill level 1 in Fighting
   109 | D:1      | Reached skill level 1 in Unarmed Combat
   109 | D:1      | Reached XP level 2. HP: 21/21 MP: 3/5
   432 | D:1      | Reached XP level 3. HP: 22/27 MP: 6/6
   983 | D:1      | Reached skill level 1 in Shapeshifting
  1699 | D:3      | Found a bloodstained altar of Trog.
  1717 | D:3      | Found an ancient bone altar of Kikubaaqudgha.
  1717 | D:3      | Found an iron altar of Okawaru.
  1720 | D:3      | Found a sparkling altar of Nemelex Xobeh.
  1800 | D:3      | Reached XP level 4. HP: 8/33 MP: 7/7
  2038 | D:3      | Found a hide-covered altar of Uskayaw.
  2318 | D:4      | Noticed a scorpion
  2325 | D:5      | Entered Level 5 of the Dungeon
  2428 | D:5      | Noticed a scorpion
  2471 | D:5      | Killed a scorpion
  2472 | D:5      | Reached XP level 5. HP: 12/38 MP: 8/8
  2477 | D:5      | Noticed an ogre
  2532 | D:5      | Noticed an ogre
  2534 | D:5      | Noticed a water moccasin
  2537 | D:5      | Noticed a phantom
  2560 | D:5      | Gained mutation: You passively dampen the noise of your
                  | surroundings. [potion of mutation]
  2560 | D:5      | Gained mutation: Your body sometimes deteriorates upon
                  | taking damage. [potion of mutation]
  2582 | D:5      | HP: 1/38 [adder (3)]
  2731 | D:5      | Found a sand-covered staircase.
  2740 | D:5      | Killed an ogre
  2741 | D:5      | Reached XP level 6. HP: 42/44 MP: 9/9
  2742 | Ossuary  | Entered an ossuary
  3042 | Ossuary  | Reached skill level 5 in Unarmed Combat
  3042 | Ossuary  | Reached skill level 5 in Shapeshifting
  3256 | D:5      | Killed a water moccasin
  3257 | D:5      | Reached XP level 7. HP: 34/49 MP: 10/10
  3639 | D:3      | Noticed Natasha
  3642 | D:3      | Killed Natasha
  3721 | D:3      | Noticed Natasha
  3727 | D:3      | Killed Natasha
  4309 | D:4      | Reached XP level 8. HP: 50/55 MP: 11/11
  4348 | D:4      | Found a glowing golden altar of the Shining One.
  5270 | D:5      | Slain by a water moccasin

Illustrated notes

Levels and vault maps discovered:
D:1:      nicolae_arrival_somewhat_less_tricky_arrival, layout_loops_ring,
          minivault_5
D:2:      layout_loops_cross
D:3:      layout_basic, nicolae_uskayaw_murder_on_the_dancefloor,
          grunt_temple_overflow_open, uniq_natasha
D:4:      layout_loops_ring, marbit_many_paths
D:5:      layout_basic, nicolae_ossuary_entry_false_entrances, st_stairs_1,
          nrook_campfire, minivault_24, chequers_decorated_corner,
          corexii_checkpoint

Skill      XL: |  1  2  3  4  5  6  7  8 |
---------------+-------------------------+-----
Fighting       | 1 |  1.7
Unarmed Combat | 1 2 3 4 5 6 7 |  7.2
Shapeshifting  | 2 3 4 5 6 7 |  7.6
Dodging        | |  2.6
Stealth        | |  2.1
Spellcasting   | |  2.0
Conjurations   | |  3.2

Action                     |  1- 3 |  4- 6 |  7- 9 || total
---------------------------+-------+-------+-------++-------
  Melee: Unarmed           |   201 |   216 |   166 ||   583
         Punch             |     6 |     6 |     9 ||    21
  Throw: Dart              |       |     5 |       ||     5
   Cast: Magic Dart        |    22 |       |       ||    22
  Evoke: Wand              |       |     5 |     4 ||     9
    Use: Scroll            |       |     8 |     5 ||    13
         Potion            |       |     7 |     2 ||     9
   Stab: Sleeping          |     1 |       |       ||     1
 Armour: Robe              |    14 |       |       ||    14
         Ring mail         |   101 |   123 |    99 ||   323
  Dodge: Dodged            |   116 |   166 |   111 ||   393
   Form: Beast             |     1 |       |       ||     1
